cohdb
Replays
Latest Replays
All Replays
Popular Replays
Top Player Replays
Match Explorer
How It Works
Community
CoH3 Stats
Reddit
Sign in to upload your games and track your stats! →
Sign in with Steam
Match 46177105
Unlisted
Match 46177105
Overview
Messages
Build Orders
End
Kettenkrad Recon Vehicle
Construct Infanterie Kompanie
Selects Mechanized Battlegroup
MG 42 Machine Gun Team
Grenadier Squad
Grenadier Squad
Construct Panzergrenadier Kompanie
251 Medium Carrier
Panzergrenadier Squad
Panzergrenadier Officer Quarters
Selects Mobile Repair Stations
Pak 40 Anti-tank Gun Team
Construct Panzer Kompanie
Selects Raid Package
Panzer IV Medium Tank
Panzergrenadier Squad
Pioneer Squad
Panzer IV Medium Tank
Ghost
aSIIDemolitionHammer
Esxile
crip walking barrage
0
0
Comments
sign in to comment!
No comments posted yet!